 Dungeon Crawl Stone Soup version 0.27-a0-808-g60bc5d92e6 (webtiles) character file.

Game seed: 12096557639325063582

39 polve the Slasher (level 3, 0/29 HPs)
             Began as a Demonspawn Abyssal Knight on Mar 28, 2021.
             Was a Follower of Lugonu.
             Slain by an iguana (10 damage)
             ... on level 2 of the Dungeon.
             The game lasted 00:02:12 (1234 turns).

polve the Slasher (Demonspawn Abyssal Knight)       Turns: 1234, Time: 00:02:13

Health: 0/29       AC:  6    Str: 13    XL:     3   Next: 28%
Magic:  4/4        EV: 11    Int: 13    God:    Lugonu [*.....]
Gold:   22         SH:  0    Dex: 15    Spells: 2/2 levels left

rFire    . . .     SeeInvis .   e - +0 long sword
rCold    . . .     Faith    .   (no shield)
rNeg     . . .     Spirit   .   b - +0 leather armour
rPois    .         Reflect  .   (no helmet)
rElec    .         Harm     .   (no cloak)
rCorr    .         Rampage  +   g - +2 pair of gloves of Vanity {Rampage *Drain Will+ Dex+3}
Will     +....                  (no boots)
Stlth    +.........             (no amulet)
HPRegen  0.09/turn              (no ring)
MPRegen  0.09/turn              (no ring)

@: no status effects
A: claws 1
a: Renounce Religion, Depart the Abyss


You were on level 2 of the Dungeon.
You worshipped Lugonu.
Lugonu was aware of your devotion.
You visited 1 branch of the dungeon, and saw 2 of its levels.
You visited the Abyss 1 time.

You collected 22 gold pieces.

Inventory:

Hand Weapons
 e - a +0 long sword (weapon)
Armour
 b - a +0 leather armour (worn)
 g - the +2 pair of gloves of Vanity (worn) {Rampage *Drain Will+ Dex+3}
   (You found it on level 2 of the Abyss)

   It affects your dexterity (+3).
   It affects your willpower, your defense against some magical effects.
   It causes draining when unequipped.
   It bestows one free step when moving towards enemies.
Scrolls
 a - a scroll of magic mapping {unknown}
 c - 2 scrolls of teleportation {unknown}
Potions
 d - a potion of cancellation {unknown}
 f - a potion of flight {unknown}
 h - a potion of brilliance {unknown}
 i - a potion of attraction {unknown}
 j - a potion of haste {unknown}


   Skills:
 - Level 3.0 Fighting
 + Level 3.4 Long Blades
 - Level 1.7 Armour
 - Level 0.8 Dodging
 - Level 2.4 Invocations


You had 2 spell levels left.
You didn't know any spells.
Your spell library was empty.

Dungeon Overview and Level Annotations

Branches:
Dungeon (2/15)

Altars:
Xom


Innate Abilities, Weirdness & Mutations

You have sharp fingernails.


Message History

No target in view!
No target in view!
Found a ring mail.
No target in view!
No target in view!
No target in view!
No target in view!
No target in view!
No target in view!
An iguana comes into view.
A goblin comes into view. It is wielding a +0 club.
The iguana bites you but does no damage.
Found 11 gold pieces.
You hit the iguana but do no damage. The iguana closely misses you.
You hit the iguana but do no damage. The goblin barely misses you.
You riposte.
You hit the goblin but do no damage. The iguana bites you!
You are too injured to fight recklessly!
You are too injured to fight recklessly!
You are too injured to fight recklessly!
You are too injured to fight recklessly!
You are too injured to fight recklessly!
You are too injured to fight recklessly!
You are too injured to fight recklessly!
You are too injured to fight recklessly!
You are too injured to fight recklessly!
You are too injured to fight recklessly!
You are too injured to fight recklessly!
You are too injured to fight recklessly!
You are too injured to fight recklessly!
You see here 4 gold pieces.
The goblin closely misses you. The iguana barely misses you.
Found a fuming grey potion.
You see here a +0 ring mail.
You hit the iguana but do no damage. The iguana closely misses you.
The iguana bites you!
You hit the iguana.
The iguana is lightly wounded.
The iguana bites you!
You die...

#.###.... #.)...#
#....## #.#[## #
#...####!##
########.#.......#
##........##...)...
#.........##......#
.#..####..gl@.....#
.......#..#######.#
$......#..#
#..#..#..#
#......$.###
####.......#
#..####..... #..
..... #.. ....


You could see an iguana and a goblin.

Vanquished Creatures
  3 bats (D:1)
  3 endoplasms (D:1)
  A giant cockroach (D:1)
  2 goblins (D:1)
  2 hobgoblins (D:1)
  5 jackals (D:1)
  4 kobolds
  4 quokkas
  4 ball pythons (D:1)
  3 frilled lizards (D:1)
  3 rats (D:1)
34 creatures vanquished.

Notes
Turn   | Place    | Note
-------+----------+-------------------------------------------
     0 | Abyss:1  | polve the Demonspawn Abyssal Knight began the quest for the
                  | Orb.
     0 | Abyss:1  | Reached XP level 1. HP: 18/18 MP: 2/2
    62 | Abyss:1  | Noticed a thrashing horror
   123 | Abyss:2  | Found a shimmering altar of Xom.
   123 | Abyss:2  | Found a shimmering altar of Xom.
   124 | Abyss:2  | Found a shimmering altar of Xom.
   125 | Abyss:2  | Found a shimmering altar of Xom.
   125 | Abyss:2  | Found a corrupted altar of Lugonu.
   126 | Abyss:2  | Found a shimmering altar of Xom.
   137 | Abyss:2  | Noticed a worldbinder
   138 | Abyss:2  | Noticed a naga
   138 | Abyss:2  | Identified the +2 pair of gloves of Vanity {Rampage *Drain
                  | Will+ Dex+3}
   138 | Abyss:2  | Noticed a black mamba
   140 | D:1      | Escaped the Abyss
   208 | D:1      | Gained mutation: You have sharp fingernails. [demonic
                  | ancestry]
   208 | D:1      | Reached XP level 2. HP: 14/24 MP: 3/3
   379 | D:1      | Reached * piety under Lugonu
   479 | D:1      | Found a shimmering altar of Xom.
   851 | D:1      | Reached XP level 3. HP: 28/29 MP: 4/4
  1234 | D:2      | Slain by an iguana

Illustrated notes

Levels and vault maps discovered:
D:1:      shiori_arrival_maze, layout_basic, xom_teletrap_fun
D:2:      layout_loops_cross, tso_altar

Skill      XL: |  1  2 |
---------------+-------+-----
Long Blades    | 2 3 |  3.4
Fighting       | |  3.0
Armour         | |  1.7
Dodging        | |  0.8
Invocations    | |  2.4

Action                   || total
-------------------------++-------
Melee: Long sword        ||    72
Invok: Depart the Abyss  ||     1
 Stab: Sleeping          ||     4
Armor: Leather armour    ||    29
Dodge: Dodged            ||    66
       Rpst.: Long sword ||    20

Table legend: (Time is in decaauts)
 A = Elapsed time spent in this place.
 B = Non-inter-level travel time spent in this place.
 C = Inter-level travel time spent in this place.
 D = Time resting spent in this place.
 E = Time spent auto-exploring this place.
 F = Levels seen in this place.
 G = Mean time per level.
                   A        B        C        D        E       F      G
               +--------+--------+--------+--------+--------+-----+--------+
         Total |   1250 |   1245 |      5 |      0 |   1011 |   4 |  312.5 |
       Dungeon |   1111 |   1106 |      5 |      0 |    925 |   2 |  555.5 |
         Abyss |    139 |    139 |      0 |      0 |     86 |   2 |   69.5 |
               +--------+--------+--------+--------+--------+-----+--------+

Top non-repeatable levels by time:
     D:1: 1048 daAuts
 Abyss:1: 79 daAuts
     D:2: 62 daAuts
 Abyss:2: 60 daAuts
